 Dungeon Crawl Stone Soup version 0.21.0-3-g78d12a8 (webtiles) character file.

530 Haldmier the Ogre Mage (level 7, -8/60 HPs)
             Began as an Ogre Wizard on Jan 16, 2018.
             Was a Follower of Hepliaklqana.
             Shot with an arrow by a centaur (10 damage)
             ... on level 5 of the Dungeon.
             The game lasted 00:18:08 (7005 turns).

Haldmier the Ogre Mage (Ogre Wizard)                Turns: 7005, Time: 00:18:09

Health: -8/60      AC:  3    Str: 12    XL:     7   Next: 24%
Magic:  14/14      EV: 10    Int: 21    God:    Hepliaklqana [*.....]
Gold:   284        SH:  0    Dex:  7    Spells: 4/15 levels left

rFire    . . .     SeeInvis .   f - +0 mace
rCold    + . .     Gourm    .   (no shield)
rNeg     . . .     Faith    .   a - +0 robe
rPois    .         Spirit   .   b - +0 hat
rElec    .         Reflect  .   (no cloak)
rCorr    .         Harm     .   (gloves unavailable)
MR       .....                  (boots unavailable)
Stlth    +.........             (no amulet)
HPRegen  0.20/turn              t - ring of protection from cold
MPRegen  0.14/turn              u - ring of flight

@: no status effects
A: large, unfitting armour, reduced essence, tough skin 1
a: Recall Ancestor, Ancestor Identity, Renounce Religion, Evoke Flight


You were on level 5 of the Dungeon.
You worshipped Hepliaklqana.
Hepliaklqana was aware of your devotion.
You were not hungry.

You visited 1 branch of the dungeon, and saw 5 of its levels.

You collected 284 gold pieces.

Inventory:

Hand Weapons
 f - a +0 mace (weapon)
 k - a +0 spear
Armour
 a - a +0 robe (worn)
 b - a +0 hat (worn)
Jewellery
 t - a ring of protection from cold (left hand)
 u - a ring of flight (right hand)
 D - an uncursed ring of magical power {unknown}
Wands
 r - a wand of polymorph (7)
 z - a wand of digging (16)
Scrolls
 h - 2 scrolls of noise {unknown}
 i - 7 scrolls of teleportation
 m - 2 scrolls of immolation
 o - 3 scrolls of identify
 p - 2 scrolls of remove curse {unknown}
 q - a scroll of amnesia {unknown}
 w - a scroll of fog
 y - a scroll of magic mapping
Potions
 e - a potion of brilliance {unknown}
 g - 2 potions of flight
 l - a potion of magic {unknown}
 s - a potion of degeneration {unknown}
 v - 2 potions of heal wounds {unknown}
 x - a potion of ambrosia {unknown}
 A - a potion of mutation {unknown}
 C - a potion of haste {unknown}
Books
 c - a book of Minor Magic

   Spells                             Type                      Level
   a - Magic Dart                     Conjuration                  1
   b - Blink                          Translocation                2
   c - Call Imp                       Summoning                    2
   d - Slow                           Hexes                        2
   e - Conjure Flame                  Conjuration/Fire             3
   f - Mephitic Cloud                 Conjuration/Poison/Air       3
 j - a book of Cantrips

   Spells                             Type                      Level
   a - Confusing Touch                Hexes                        1
   b - Animate Skeleton               Necromancy                   1
   c - Summon Small Mammal            Summoning                    1
   d - Apportation                    Translocation                1
 n - a book of Misfortune

   Spells                             Type                      Level
   a - Confusing Touch                Hexes                        1
   b - Confuse                        Hexes                        3
   c - Gell's Gravitas                Translocation                3
   d - Petrify                        Transmutation/Earth          4
   e - Metabolic Englaciation         Hexes/Ice                    5
   f - Yara's Violent Unravelling     Hexes/Transmutation          5
Comestibles
 d - 10 rations


   Skills:
 + Level 3.2 Fighting
 - Level 1.7 Dodging
 - Level 1.4 Stealth
 + Level 4.9 Spellcasting
 * Level 3.9 Conjurations
 - Level 2.0 Summonings
 - Level 2.0 Translocations
 + Level 1.3 Fire Magic
 + Level 1.3 Air Magic
 + Level 1.3 Poison Magic


You had 4 spell levels left.
You knew the following spells:

 Your Spells              Type           Power        Failure   Level  Hunger
a - Magic Dart            Conj           ###.         2%          1    None
b - Blink                 Tloc           N/A          7%          2    None
c - Call Imp              Summ           ##......     8%          2    None
d - Conjure Flame         Conj/Fire      ###.....     11%         3    ##.....
e - Mephitic Cloud        Conj/Pois/Air  ##......     13%         3    ##.....


Dungeon Overview and Level Annotations

Branches:
Dungeon (5/15)
 Temple: D:4-7

Altars:
Dithmenos
Gozag
Hepliaklqana
Nemelex Xobeh
Ru
Sif Muna
Trog
Vehumet
Xom
Zin
The Shining One

Shops:
D:5 %


Innate Abilities, Weirdness & Mutations

You are too large for most types of armour.
You have tough skin. (AC +1)
Your life essence is reduced to manifest your ancestor. (-10% HP)


Message History

The centaur shoots an arrow.
The arrow closely misses you.
The arrow hits Bolek!
The centaur unwields an uncursed shortbow.
The centaur hits you! The centaur closely misses you.
You hit the centaur.
The centaur is moderately wounded.
The centaur hits you. The centaur barely misses you.
You hit the centaur but do no damage.
The centaur is moderately wounded.
The centaur hits you! The centaur closely misses you.
You hit the centaur.
The centaur is heavily wounded.
The centaur hits you!
* * * LOW HITPOINT WARNING * * *
The centaur hits you!
* * * LOW HITPOINT WARNING * * *
You swap places.
The centaur wields an uncursed shortbow.
The centaur shoots an arrow.
The arrow barely misses Bolek.
The arrow hits you!
You die...

.# #.# .# #.# .# #.#
#.# #.# #.# #.#
#.##################
#.....((.((@Rc......
####################


You could see the friendly Bolek the ancestor and a centaur.

Vanquished Creatures
  A howler monkey (D:5)
  A centaur skeleton (D:4)
  A bullfrog skeleton (D:4)
  2 orc wizards
  Natasha (thrice) (D:3)
  A worker ant (D:4)
  Robin (D:4)
  3 adders (D:2)
  An ooze (D:3)
  An adder skeleton (D:4)
  3 worms
  A leopard gecko (D:2)
  6 orcs
  2 ball pythons
  2 giant cockroaches
  10 goblins
  7 hobgoblins
  5 jackals
  5 kobolds
  2 quokkas
  6 bats
  4 frilled lizards
  A leopard gecko skeleton (D:5)
  6 rats
75 creatures vanquished.

Vanquished Creatures (collateral kills)
  An orc priest (D:5)
  Ijyb (D:5)
  3 worker ants
  An iguana (D:5)
  2 orcs
  2 hobgoblins (D:3)
  A jackal (D:5)
  A ball python (D:3)
  A frilled lizard (D:2)
  A leopard gecko zombie (D:5)
14 creatures vanquished.

Vanquished Creatures (others)
  2 ancestors (D:3)
2 creatures vanquished.

Grand Total: 91 creatures vanquished

Notes
Turn   | Place    | Note
-------+----------+-------------------------------------------
     0 | D:1      | Haldmier the Ogre Wizard began the quest for the Orb.
     0 | D:1      | Reached XP level 1. HP: 16/16 MP: 5/5
    55 | D:1      | Reached skill level 1 in Conjurations
   700 | D:1      | Reached XP level 2. HP: 4/24 MP: 0/6
  1250 | D:1      | Learned a level 2 spell: Blink
  1253 | D:1      | Learned a level 2 spell: Call Imp
  1352 | D:2      | Found a shadowy altar of Dithmenos.
  1352 | D:2      | Found a glowing golden altar of the Shining One.
  1352 | D:2      | Found a bloodstained altar of Trog.
  1353 | D:2      | Found an opulent altar of Gozag.
  1365 | D:2      | Reached skill level 1 in Translocations
  1491 | D:2      | Reached skill level 1 in Summonings
  1640 | D:2      | Reached skill level 4 in Spellcasting
  1640 | D:2      | Reached XP level 3. HP: 32/32 MP: 1/8
  1772 | D:2      | Learned a level 3 spell: Conjure Flame
  1820 | D:2      | Found a hazy altar of Hepliaklqana.
  1820 | D:2      | Found a deep blue altar of Sif Muna.
  2020 | D:2      | Found a radiant altar of Vehumet.
  2022 | D:2      | Found a sparkling altar of Nemelex Xobeh.
  2023 | D:2      | Found a faded altar of an unknown god.
  2026 | D:2      | Reached skill level 1 in Fighting
  2059 | D:2      | Became a worshipper of Hepliaklqana the Forgotten
  2188 | D:2      | Reached XP level 4. HP: 33/36 MP: 1/10
  2834 | D:3      | Noticed Natasha
  2853 | D:3      | Killed Natasha
  3327 | D:3      | Reached XP level 5. HP: 43/44 MP: 4/11
  3392 | D:3      | Noticed an angel
  3393 | D:3      | Found a glowing silver altar of Zin.
  3395 | D:3      | Found a shimmering altar of Xom.
  3618 | D:3      | Reached * piety under Hepliaklqana
  3870 | D:3      | Noticed Natasha
  3883 | D:3      | Killed Natasha
  4473 | D:3      | Noticed Natasha
  4482 | D:3      | Killed Natasha
  4650 | D:3      | Learned a level 3 spell: Mephitic Cloud
  5210 | D:4      | Reached XP level 6. HP: 52/52 MP: 6/12
  5270 | D:4      | Noticed Robin
  5282 | D:4      | Killed Robin
  6103 | D:5      | Entered Level 5 of the Dungeon
  6156 | D:5      | Found a sacrificial altar of Ru.
  6157 | D:5      | Noticed Ijyb
  6168 | D:5      | Killed Ijyb
  6168 | D:5      | Reached skill level 1 in Air Magic
  6203 | D:5      | Found a sparkling altar of Nemelex Xobeh.
  6244 | D:5      | Found Motwomea's Food Boutique.
  6288 | D:5      | Reached skill level 1 in Fire Magic
  6288 | D:5      | Reached skill level 1 in Poison Magic
  6294 | D:5      | Reached XP level 7. HP: 59/60 MP: 12/14
  7004 | D:5      | HP: 2/60 [centaur (9)]
  7005 | D:5      | Shot with an arrow by a centaur

Skill      XL: |  1  2  3  4  5  6 |
---------------+-------------------+-----
Conjurations   | 1 2 3 |  3.9
Translocations | 1 2 |  2.0
Summonings     | 1 2 |  2.0
Spellcasting   | 4 |  4.9
Fighting       | 1 2 3 |  3.2
Air Magic      | 1 |  1.3
Fire Magic     | 1 |  1.3
Poison Magic   | 1 |  1.3
Dodging        | |  1.7
Stealth        | |  1.4

Action                   |  1- 3 |  4- 6 |  7- 9 || total
-------------------------+-------+-------+-------++-------
Melee: Mace              |    22 |   111 |    22 ||   155
 Cast: Magic Dart        |    92 |    96 |     7 ||   195
       Call Imp          |       |     2 |       ||     2
       Conjure Flame     |       |     1 |       ||     1
       Mephitic Cloud    |       |     1 |       ||     1
Invok: Recall Ancestor   |       |     1 |       ||     1
  Use: Scroll            |       |     7 |       ||     7
 Stab: Sleeping          |     1 |     1 |       ||     2
  Eat: Chunk             |     4 |    13 |     2 ||    19
Armor: Robe              |    11 |    25 |     2 ||    38
Dodge: Dodged            |    36 |    71 |    10 ||   117
